 Dungeon Crawl Stone Soup version 0.31-a0-165-g3f4f80340b (webtiles) character file.

Game seed: 8397110866181656840

99 qw the Chopper (level 4, -17/28 HPs)
             Began as a Gargoyle Fighter on June 13, 2023.
             Demolished by an ogre
             ... wielding a +0 giant club
              (21 damage)
             ... on level 4 of the Dungeon.
             The game lasted 00:01:11 (1754 turns).

qw the Chopper (Gargoyle Fighter)                   Turns: 1754, Time: 00:01:11

Health: -17/28     AC: 19    Str: 22    XL:     4   Next: 72%
Magic:  4/4        EV:  6    Int:  8    God:
Gold:   185        SH:  4    Dex:  9    Spells: 3/3 levels left

rFire   . . .        Y - +0 war axe
rCold   . . .        c - +0 buckler
rNeg    + . .        a - +0 plate armour
rPois   inf          (no helmet)
rElec   +            (no cloak)
rCorr   .            (no gloves)
SInv    .            (no boots)
Will    .....        h - amulet of the acrobat Stlth
                     l - +4 ring of protection
HPRegen 0.24/turn    (no ring)
MPRegen 0.09/turn

%: acrobat
@: about to teleport
A: sickness immunity, AC +3, negative energy resistance 1, electricity
resistance, torment resistance 1, petrification resistance
a: no special abilities


You were on level 4 of the Dungeon.
You visited 1 branch of the dungeon, and saw 4 of its levels.

You collected 185 gold pieces.


Innate Abilities, Weirdness & Mutations

You are immune to sickness and miasma.
Your stone body is resilient. (AC +3)
You are immune to poison.
You resist negative energy. (rN+)
You are resistant to electric shocks. (rElec)
You are resistant to unholy torment.
You are immune to petrification.


   Skills:
 - Level 3.2 Fighting
 + Level 4.3 Axes
 - Level 3.2 Armour
 - Level 3.2 Shields


You had 3 spell levels left.
You didn't know any spells.
Your spell library was empty.

Inventory:

Hand Weapons
 f - a +0 flail
 Y - a +0 war axe (weapon)
Armour
 a - a +0 plate armour (worn)
 c - a +0 buckler (worn)
Jewellery
 h - an amulet of the acrobat (around neck)
 l - a +4 ring of protection (left hand)
Scrolls
 b - a scroll of enchant weapon {unknown}
Potions
 d - 2 potions of might
 e - a potion of berserk rage {unknown}
 g - a potion of attraction
 k - a potion of degeneration {unknown}

Dungeon Overview and Level Annotations

Branches:
Dungeon (4/15)
 Temple: D:4-7

Altars:

Annotations:
D:3 1 transporter, 1 runed translucent door, Crazy Yiuf; qw's ghost, amateur GrFi


Message History

The orc hits you but does no damage.
You hit the orc.
You kill the orc!
You hit the bush but do no damage.
An ogre comes into view. It is wielding a +0 giant club.
The ogre shouts!
Items here: % ))) [[.
A hound comes into view.
You completely miss the ogre.
The hound barks!
You hit the bush but do no damage. The ogre barely misses you.
The hound pauses to sniff the ground.
You hit the ogre.
The ogre is lightly wounded.
You hit the bush but do no damage. The ogre hits you with a +0 giant club!
You slash the ogre!
The ogre is heavily wounded.
You hit the bush. The ogre hits you but does no damage.
You slash the ogre!
The ogre is almost dead.
You hit the bush but do no damage. The ogre hits you with a +0 giant club!
Ouch! That really hurt!
1752 ||| READING scroll of teleportation.
As you read the scroll of teleportation, it crumbles to dust.
You feel strangely unstable.
You closely miss the ogre.
The ogre is almost dead.
You hit the bush. The ogre barely misses you.
The orc wizard shouts!
You hit the ogre.
The ogre is almost dead.
You hit the bush.
The ogre hits you with a +0 giant club!!
Ouch! That really hurt!
You die...

# #. .. . .o . #..
.... ...##. #.# .#..#
......7 7777..##.....
#...h.O777P.77..>.....
.... 7@77.P.7...#...#
.....7.P.P7.7.......#
.....77..P77.....#
......7777777....# .
................#....
..................##.
#.....<)........##
##...........#.##
#####..##.....#


You could see an ogre, a hound and an orc wizard.

Vanquished Creatures
  An orc wizard (D:4)
  An adder (D:3)
  2 dart slugs (D:3)
  3 orcs (D:4)
  3 ball pythons
  9 bats
  6 endoplasms
  3 giant cockroaches
  7 goblins
  4 hobgoblins
  A quokka (D:1)
  2 frilled lizards
  8 kobolds
  6 rats
56 creatures vanquished.

Notes
Turn   | Place    | Note
-------+----------+-------------------------------------------
     0 | D:1      | qw the Gargoyle Fighter began the quest for the Orb.
     0 | D:1      | Reached XP level 1. HP: 14/14 MP: 1/1
     0 | D:1      | 0 ||| qw: Version: 0.2-a-29-gc1b59c4
     0 | D:1      | 0 ||| qw: Game counter: 4690
     0 | D:1      | 0 ||| qw: Always use a shield: true
     0 | D:1      | 0 ||| qw: God list: Okawaru
     0 | D:1      | 0 ||| qw: Allow faded altars: false
     0 | D:1      | 0 ||| qw: Do Orc after D:15 true
     0 | D:1      | 0 ||| qw: Do second Lair branch before Depths: true
     0 | D:1      | 0 ||| qw: Lair rune preference: random
     0 | D:1      | 0 ||| qw: Plans: Normal, Zot:1-4, Slime:5, God:TSO, Crypt,
                  | Tomb, Abyss, Pan, Hells, Win
     0 | D:1      | 0 ||| PLANNING D:1-11
    84 | D:1      | Reached skill level 2 in Axes
   161 | D:1      | Reached XP level 2. HP: 19/19 MP: 2/2
   268 | D:1      | Reached skill level 3 in Axes
   347 | D:1      | 347 ||| Stepping ~*~*~tactically~*~*~ (hiding).
   350 | D:1      | 350 ||| Stepping ~*~*~tactically~*~*~ (hiding).
   351 | D:1      | 351 ||| Stepping ~*~*~tactically~*~*~ (hiding).
   352 | D:1      | 352 ||| Stepping ~*~*~tactically~*~*~ (hiding).
   353 | D:1      | 353 ||| Stepping ~*~*~tactically~*~*~ (hiding).
   360 | D:1      | Reached XP level 3. HP: 23/23 MP: 3/3
   555 | D:1      | 555 ||| READING scroll labelled XOFEIDOAVU.
   556 | D:1      | 556 ||| READING scroll labelled JUDIDYTSOG.
   557 | D:1      | 557 ||| DRINKING 2 golden potions.
   618 | D:2      | 618 ||| Stepping ~*~*~tactically~*~*~ (stealth).
   619 | D:2      | 619 ||| Stepping ~*~*~tactically~*~*~ (stealth).
   706 | D:2      | 706 ||| Stepping ~*~*~tactically~*~*~ (hiding).
   711 | D:2      | 711 ||| FLEEEEING.
   712 | D:2      | 712 ||| FLEEEEING.
   713 | D:2      | 713 ||| FLEEEEING.
   829 | D:2      | 829 ||| DROPPING +0 whip.
   910 | D:2      | Identified the +2 robe "Qiwyrag" {Harm rElec Dex-2 Stlth+}
  1059 | D:2      | 1059 ||| UPGRADING to amulet of the acrobat.
  1064 | D:2      | 1064 ||| READING scroll labelled VOZIUSHUKAR.
  1065 | D:2      | 1065 ||| READING scroll labelled QYOTSO VESAON.
  1066 | D:2      | 1066 ||| READING scroll labelled ZOUR IMOGUG.
  1251 | D:3      | Noticed qw's ghost (amateur GrFi)
  1253 | D:3      | Found a transporter.
  1313 | D:3      | Found a runed translucent door.
  1314 | D:3      | Noticed Crazy Yiuf
  1367 | D:3      | Identified the +8 dire flail of Yredelemnul's Esteem {vamp,
                  | rC- Will+ rCorr}
  1367 | D:3      | Noticed an ogre
  1369 | D:3      | Noticed an ogre
  1402 | D:3      | 1402 ||| Stepping ~*~*~tactically~*~*~ (stealth).
  1403 | D:3      | 1403 ||| Stepping ~*~*~tactically~*~*~ (stealth).
  1414 | D:3      | 1414 ||| Stepping ~*~*~tactically~*~*~ (stealth).
  1416 | D:3      | 1416 ||| Stepping ~*~*~tactically~*~*~ (hiding).
  1496 | D:3      | Reached XP level 4. HP: 28/28 MP: 4/4
  1649 | D:3      | 1649 ||| UPGRADING to +0 plate armour.
  1659 | D:3      | 1659 ||| DROPPING +0 scale mail.
  1660 | D:3      | 1660 ||| UPGRADING to +4 ring of protection.
  1661 | D:3      | 1661 ||| READING scroll labelled IZXEOR OHIEF.
  1662 | D:3      | 1662 ||| READING scroll labelled NIFOFR GAITHRUD.
  1707 | D:4      | Reached skill level 4 in Axes
  1727 | D:4      | 1727 ||| Stepping ~*~*~tactically~*~*~ (stealth).
  1730 | D:4      | 1730 ||| Stepping ~*~*~tactically~*~*~ (hiding).
  1742 | D:4      | Noticed an ogre
  1751 | D:4      | HP: 3/28 [ogre/+0 giant club (16)]
  1752 | D:4      | 1752 ||| READING scroll of teleportation.
  1754 | D:4      | Demolished by an ogre

Levels and vault maps discovered:
D:1:      minmay_arrival_five_plusses, layout_rooms, minmay_box_of_dots
D:2:      layout_rooms, corexii_shack
D:3:      layout_rooms, gammafunk_ghost_smash, uniq_crazy_yiuf_cottage
D:4:      layout_rooms, serial_forest, infiniplex_forest_lined_3,
          infiniplex_forest_split, infiniplex_forest_clump_cross,
          infiniplex_forest_end_1, infiniplex_forest_zigzag_2,
          infiniplex_forest_clump_long, infiniplex_forest_pool

Skill      XL: |  1  2  3  4 |
---------------+-------------+-----
Axes           | 2 3 4 |  4.3
Fighting       | |  3.2
Armour         | |  3.2
Shields        | |  3.2

Action                     |  1- 3 |  4- 6 || total
---------------------------+-------+-------++-------
  Melee: War axe           |   135 |    21 ||   156
    Use: Scroll            |     5 |     3 ||     8
         Potion            |     1 |       ||     1
 Armour: Scale mail        |    71 |       ||    71
         Plate armour      |       |     6 ||     6
  Dodge: Dodged            |    59 |     4 ||    63
  Block: Buckler           |    17 |       ||    17

Table legend:
 A = Non-vault XP
 B = Vault XP
 C = Vault XP percentage of total XP
 D = Non-vault monster count
 E = Vault monster count
 F = Vault count percentage of total count
                 A         B        C        D         E       F
            +---------+---------+-------+---------+---------+-------
      Total |     139 |       3 |   2.1 |      54 |       2 |   3.6
            +---------+---------+-------+---------+---------+-------
        D:1 |      33 |       2 |   5.7 |      21 |       1 |   4.5
        D:2 |      20 |       1 |   4.8 |      12 |       1 |   7.7
        D:3 |      41 |       0 |   0.0 |      17 |       0 |   0.0
        D:4 |      45 |       0 |   0.0 |       4 |       0 |   0.0
            +---------+---------+-------+---------+---------+-------
